 Dungeon Crawl Stone Soup version 0.28.0-53-g5a82cb258f (webtiles) character file.

Game seed: 11299434191584615262

41 buhh the Skirmisher (level 3, -3/26 HPs)
             Began as an Octopode Transmuter on June 20, 2022.
             Slain by a goblin
             ... wielding a +0 club
             ... led by Robin
              (5 damage)
             ... on level 2 of the Dungeon.
             The game lasted 00:01:42 (1729 turns).

buhh the Skirmisher (Octopode Transmuter)           Turns: 1729, Time: 00:01:43

Health: -3/26      AC:  1    Str:  9    XL:     3   Next: 52%
Magic:  6/6        EV: 13    Int: 17    God:
Gold:   44         SH:  0    Dex: 12    Spells: 5/6 levels left

rFire   . . .      SeeInvis .     - Unarmed
rCold   + . .      Faith    .   (no shield)
rNeg    . . .      Spirit   .   (helmet currently unavailable)
rPois   .          Reflect  .   (no amulet)
rElec   .          Harm     .   e - ring of protection from cold
rCorr   .          Rampage  .   (no ring)
Will    .....                   (no ring)
Stlth   +++.......              (no ring)
HPRegen 0.08/turn               (no ring)
MPRegen 0.10/turn               (no ring)
                                (no ring)
                                (no ring)

@: appendages (expiring)
A: tentacle spike 3, almost no armour, amphibious, 8 rings, camouflage 1,
gelatinous body 1, (nimble swimmer 1), tentacles
a: End Transformation


You were on level 2 of the Dungeon.
One of your tentacles had grown a beastly spike.
You visited 1 branch of the dungeon, and saw 2 of its levels.

You collected 44 gold pieces.

Inventory:

Missiles
 g - 4 poisoned darts
Jewellery
 e - a ring of protection from cold (left tentacle)
Scrolls
 a - a scroll of identify {unknown}
 b - a scroll of magic mapping {unknown}
 f - a scroll of holy word {unknown}
 h - a scroll of amnesia {unknown}
Potions
 c - 3 potions of curing {unknown}
 d - a potion of degeneration {unknown}
 i - a potion of cancellation {unknown}


   Skills:
 + Level 3.2 Fighting
 - Level 2.0 Dodging
 - Level 1.0 Stealth
 - Level 3.0 Unarmed Combat
 - Level 2.0 Spellcasting
 - Level 2.0 Transmutations


You had 5 spell levels left.
You knew the following spells:

 Your Spells              Type           Power      Damage    Failure   Level
a - Beastly Appendage     Tmut           16%        N/A       9%          1

Your spell library contained the following spells:

 Spells                   Type           Power      Damage    Failure   Level
 Wereblood                Tmut           8%         N/A       13%         2
 Spider Form              Tmut/Pois      5%         N/A       36%         3
 Ice Form                 Ice/Tmut       5%         N/A       77%         4


Dungeon Overview and Level Annotations

Branches:
Dungeon (2/15)

Altars:

Annotations:
D:2 Robin


Innate Abilities, Weirdness & Mutations

One of your tentacles has grown a beastly spike.
You cannot wear most types of armour.
You are amphibious.
You can wear up to eight rings at the same time.
Your skin changes colour to match your surroundings (Stealth+).
Your rubbery body absorbs attacks. (AC +1, EV +1)
((You are camouflaged when in or above water. (Stealth+)))
You have tentacles for arms and can constrict up to eight enemies at once.


Message History

There is a stone staircase leading up here.
Found a stone staircase leading down.
i - a viscous ruby potion A hobgoblin comes into view.
A hobgoblin is nearby!
One of your tentacles grows a vicious spike. 2 goblins come into view.
The goblin shouts!
A goblin comes into view. It is wielding a +1 dagger of venom.
Robin, a goblin and a hobgoblin come into view.
Robin is wielding a +2 short sword of holy wrath.
The hobgoblin shouts! x2; You hear a shout!
The goblin shouts!
You hear a shout! x2 5 goblins come into view.
The hobgoblin barely misses you.
You barely miss the goblin.
Robin shouts!
The goblin shouts! x3
You grab the goblin. You constrict the goblin.
The goblin hits you with a +1 dagger of venom.
Robin roars a battlecry!
The goblins go into a battle-frenzy!
The hobgoblin hits you!
You release your grip on the goblin.
You tentacle-slap the goblin but do no damage.
You grab the goblin.
You pierce the goblin.
You kill the goblin!
Your transformation is almost over.
Robin says, "A pitiful Octopus like you will never find the ORB!"
Robin throws the goblin at you!
You tentacle-slap the goblin.
You kill the goblin!
Robin throws the goblin at you! The goblin barely misses you.
You tentacle-slap the goblin.
You kill the goblin!
The goblin closely misses you. Robin throws the goblin at you!
The goblin hits you with a +0 club.
You miss the goblin. Your grab misses the goblin.
The goblin hits you with a +0 club.
* * * LOW HITPOINT WARNING * * *
The goblin hits you with a +0 club.
You die...

....................
#.......<.......).
#......#####..†##. #
#>.#..######††.### #.
#.>#..........)# #
.##..###.................
............#######.####.
#..?..#g##### #.#
#.......@ggg# #.#
......#####gg# #.# #.....
..... .. #.... g.g....
###.# gg..### #. ..#.# #
..#.. ..# ##


You could see a hobgoblin (strong) and 5 goblins.

Vanquished Creatures
  An adder (D:2)
  A worm (D:2)
  An endoplasm (D:2)
  A giant cockroach (D:2)
  7 goblins
  A hobgoblin (D:1)
  2 jackals (D:2)
  5 kobolds
  2 quokkas (D:2)
  A ball python (D:2)
  3 bats
  A frilled lizard (D:2)
26 creatures vanquished.

Notes
Turn   | Place    | Note
-------+----------+-------------------------------------------
     0 | D:1      | buhh the Octopode Transmuter began the quest for the Orb.
     0 | D:1      | Reached XP level 1. HP: 13/13 MP: 3/3
   667 | D:1      | Reached XP level 2. HP: 19/19 MP: 3/5
  1198 | D:2      | Reached XP level 3. HP: 19/25 MP: 4/6
  1721 | D:2      | Noticed Robin
  1729 | D:2      | Slain by a goblin

Illustrated notes

Levels and vault maps discovered:
D:1:      matt_arrival_grand_opening, layout_loops_corners, serial_glass,
          glass_columns_c, glass_columns_a
D:2:      layout_loops_ring, uniq_robin, uniq_crazy_yiuf_cottage

Skill      XL: |  1  2  3 |
---------------+----------+-----
Stealth        | 1 |  1.0
Fighting       | 2 3 |  3.2
Dodging        | |  2.0
Unarmed Combat | |  3.0
Spellcasting   | |  2.0
Transmutations | |  2.0

Action                   || total
-------------------------++-------
Melee: Unarmed           ||    59
       Kick              ||    20
       Constrict         ||    14
       Tentacles         ||    11
 Cast: Beastly Appendage ||    16
 Stab: Sleeping          ||     1
Armor: Skin              ||     5
Dodge: Dodged            ||    33
